 Dungeon Crawl Stone Soup version 0.27-a0-1200-g94dc6ad4cf (webtiles) character file.

Game seed: 9132323911025953560

553 pokeman the Magician (level 7, 0/38 HPs)
             Began as a Deep Elf Hedge Wizard on May 30, 2021.
             Slain by a troll (7 damage)
             ... on level 5 of the Dungeon on June 1, 2021.
             The game lasted 00:08:58 (5814 turns).

pokeman the Magician (Deep Elf Hedge Wizard)        Turns: 5814, Time: 00:08:59

Health: 0/38       AC:  5    Str:  7    XL:     7   Next: 8%
Magic:  1/20       EV: 12    Int: 21    God:
Gold:   125        SH:  0    Dex: 14    Spells: 10/21 levels left

rFire    . . .     SeeInvis .   k - +4 short sword (speed)
rCold    . . .     Faith    .   (no shield)
rNeg     . . .     Spirit   .   m - +0 leather armour
rPois    +         Reflect  .   d - +0 helmet
rElec    .         Harm     .   q - +0 cloak {rPois}
rCorr    .         Rampage  .   (no gloves)
Will     .....                  (no boots)
Stlth    ++........             (no amulet)
HPRegen  0.12/turn              (no ring)
MPRegen  0.17/turn              (no ring)

@: no status effects
A: no striking features
a: no special abilities


You were on level 5 of the Dungeon.
You visited 1 branch of the dungeon, and saw 5 of its levels.

You collected 210 gold pieces.
You spent 85 gold pieces at shops.

Inventory:

Hand Weapons
 k - a +4 short sword of speed (weapon)
Missiles
 a - 25 bolts
 i - 39 arrows
Armour
 c - a +1 ring mail of poison resistance
 d - a +0 helmet (worn)
 m - a +0 leather armour (worn)
 p - quicksilver dragon scales
 q - a +0 cloak of poison resistance (worn)
Wands
 o - a wand of digging (5)
 s - a wand of flame (16)
Scrolls
 e - a scroll of fear {unknown}
 f - a scroll of magic mapping {unknown}
 g - 2 scrolls of enchant weapon {unknown}
 j - 8 scrolls of identify {unknown}
 l - a scroll of vulnerability {unknown}
 r - a scroll of noise {unknown}
 u - a scroll of holy word {unknown}
Potions
 b - a potion of ambrosia {unknown}
 h - 4 potions of curing {unknown}
 n - a potion of mutation {unknown}
 t - a potion of haste {unknown}


   Skills:
 - Level 1.0 Fighting
 - Level 1.0 Armour
 - Level 3.0 Dodging
 - Level 4.0 Stealth
 * Level 7.6 Spellcasting
 + Level 3.7 Conjurations
 - Level 1.1 Summonings
 - Level 1.1 Translocations
 - Level 1.0 Fire Magic
 - Level 2.2 Air Magic
 + Level 0.4 Poison Magic
 + Level 0.0 Evocations


You had 10 spell levels left.
You knew the following spells:

 Your Spells              Type           Power      Damage    Failure   Level
a - Magic Dart            Conj           92%        1d7       2%          1
b - Mephitic Cloud        Conj/Pois/Air  16%        N/A       16%         3
c - Call Imp              Summ           12%        N/A       12%         2
d - Blink                 Tloc           N/A        N/A       12%         2
e - Conjure Flame         Conj/Fire      18%        6-21      14%         3

Your spell library contained the following spells:

 Spells                   Type           Power      Damage    Failure   Level
 Animate Skeleton         Necr           16%        N/A       12%         1
 Pain                     Necr           32%        1d5       12%         1
 Slow                     Hex            8%         N/A       19%         2
 Gell's Gravitas          Tloc           6%         N/A       22%         3
 Confusing Touch          Hex            8%         N/A       36%         3
 Vampiric Draining        Necr           4%         2d6       36%         3
 Animate Dead             Necr           4%         N/A       77%         4
 Petrify                  Tmut/Erth      8%         N/A       77%         4
 Agony                    Necr           8%         N/A       98%         5
 Metabolic Englaciation   Hex/Ice        4%         N/A       98%         5
 Yara's Violent Unravell  Hex/Tmut       4%         3d4       98%         5


Dungeon Overview and Level Annotations

Branches:
Dungeon (5/15)
 Temple: D:4-7

Altars:
Kikubaaqudgha
Makhleb

Shops:
D:4 [

Annotations:
D:5 Grinder


Message History

Press: ? - help, Shift-Dir - straight line, f - troll
Aim: a troll (chance to affect: 67%)
The ball explodes into a vile cloud!
The stinking cloud engulfs the troll but does no damage.
Unknown command.
Unknown command.
Unknown command.
The troll is engulfed in noxious fumes.
The troll is engulfed in noxious fumes.
The troll appears confused.
There is a stone staircase leading up here.
The troll is engulfed in noxious fumes.
Your magical contamination has completely faded away.
Casting: Mephitic Cloud (quite dangerous; 16% risk of failure)
Confirm with . or Enter, or press ? or * to list all spells.
The spell is quite dangerous to cast (14% risk of failure)!
Continue anyway?
The fire begins to smoulder!
The troll bites you! The troll claws you. The troll misses you.
The fire ignites!
Casting: Conjure Flame (quite dangerous; 14% risk of failure)
Confirm with . or Enter, or press ? or * to list all spells.
The spell is quite dangerous to cast (14% risk of failure)!
Continue anyway?
The fire begins to smoulder!
The fire ignites!
There is a stone staircase leading up here.
The troll seems less confused.
Casting: Conjure Flame (quite dangerous; 14% risk of failure)
Confirm with . or Enter, or press ? or * to list all spells.
The spell is quite dangerous to cast (16% risk of failure)!
Continue anyway?
Aiming: Mephitic Cloud (quite dangerous; 16% risk of failure)
Press: ? - help, Shift-Dir - straight line, f/p - troll
Aim: a troll (chance to affect: 67%)
The ball explodes into a vile cloud!
The stinking cloud engulfs the troll but does no damage.
The stinking cloud engulfs you but does no damage.
You hear an angry hiss.
You hear a shout!
The troll is engulfed in noxious fumes.
The troll bites you! The troll claws you!
* * * LOW HITPOINT WARNING * * *
The troll claws you!
You die...

#...# #..#
......#### #
#....#...#....... .
#....+ ..#.......
.. #....# .+.......
...###+##+###......
...............?.
## ................
#. .............#
#. ###........@○#
#. #.......§☼T# #.
#.......<☼.# #.
#..........# #.
############
#5$.....#.
#.......#.
#.......#.
+.......#.
#######...$...#.


You could see a troll.

Vanquished Creatures
  Eustachio (D:4)
  Menkaure (D:4)
  An ogre (D:5)
  An orc priest (D:5)
  An iguana (D:4)
  6 adders
  2 shadow imps
  An adder skeleton (D:4)
  A worm (D:2)
  3 dart slugs
  7 orcs
  5 endoplasms
  4 giant cockroaches
  6 goblins
  7 hobgoblins
  6 jackals
  4 kobolds
  4 quokkas
  5 ball pythons
  3 bats (D:1)
  A frilled lizard (D:1)
  5 rats (D:1)
75 creatures vanquished.

Notes
Turn   | Place    | Note
-------+----------+-------------------------------------------
     0 | D:1      | pokeman the Deep Elf Hedge Wizard began the quest for the
                  | Orb.
     0 | D:1      | Reached XP level 1. HP: 10/10 MP: 7/7
   642 | D:1      | Reached XP level 2. HP: 16/16 MP: 6/9
  1041 | D:1      | Reached skill level 5 in Spellcasting
  1362 | D:1      | Reached XP level 3. HP: 20/20 MP: 8/11
  1366 | D:1      | Learned a level 3 spell: Mephitic Cloud
  1369 | D:1      | Learned a level 2 spell: Call Imp
  1372 | D:1      | Learned a level 2 spell: Blink
  1376 | D:1      | Learned a level 3 spell: Conjure Flame
  2133 | D:2      | Reached skill level 1 in Armour
  2322 | D:2      | Found a faded altar of an unknown god.
  2365 | D:2      | Reached skill level 1 in Fighting
  2934 | D:3      | Reached XP level 4. HP: 25/25 MP: 7/13
  3772 | D:4      | Reached skill level 1 in Fire Magic
  3918 | D:4      | Found a burning altar of Makhleb.
  3957 | D:4      | Found an ancient bone altar of Kikubaaqudgha.
  4082 | D:4      | Reached XP level 5. HP: 29/29 MP: 10/15
  4128 | D:4      | Reached skill level 6 in Spellcasting
  4307 | D:4      | Noticed Eustachio
  4322 | D:4      | Killed Eustachio
  4323 | D:4      | Reached skill level 1 in Air Magic
  4323 | D:4      | Reached XP level 6. HP: 19/34 MP: 12/17
  4731 | D:4      | Found Cujarad's Armour Boutique.
  4735 | D:4      | Bought a +0 cloak of poison resistance for 85 gold pieces
  4758 | D:4      | Noticed Menkaure
  4770 | D:4      | Killed Menkaure
  4771 | D:4      | Reached skill level 7 in Spellcasting
  5199 | D:5      | Entered Level 5 of the Dungeon
  5235 | D:5      | Noticed Grinder
  5378 | D:5      | Reached XP level 7. HP: 22/38 MP: 2/20
  5577 | D:5      | Noticed a troll
  5814 | D:5      | Slain by a troll

Illustrated notes

Levels and vault maps discovered:
D:1:      lemuel_arrival_broad_hall, layout_loops_ring
D:2:      layout_basic, shapermc_ecumenical_altar_mp_vishouse
D:3:      layout_loops_ring, columned_hall_lemuel
D:4:      layout_gridville, lemuel_crystal_altar, old_standard_altar,
          serial_shops, shop, minmay_misc_feat_plants, uniq_menkaure,
          uniq_eustachio
D:5:      layout_gridville, chequers_big_river, chequers_serial_rivers_micro_e,
          kennysheep_nondescript, uniq_grinder

Skill      XL: |  1  2  3  4  5  6  7 |
---------------+----------------------+-----
Spellcasting   | 5 6 7 |  7.6
Armour         | 1 |  1.0
Fighting       | 1 |  1.0
Conjurations   | 2 3 |  3.7
Fire Magic     | 1 |  1.0
Dodging        | 3 |  3.0
Stealth        | 3 4 |  4.0
Air Magic      | 1 2 |  2.2
Summonings     | |  1.1
Translocations | |  1.1
Poison Magic   | |  0.4

Action                   |  1- 3 |  4- 6 |  7- 9 || total
-------------------------+-------+-------+-------++-------
Melee: Dagger            |     8 |       |       ||     8
       Short sword       |       |    16 |     1 ||    17
 Cast: Magic Dart        |   112 |   105 |    15 ||   232
       Mephitic Cloud    |     1 |     3 |     4 ||     8
       Blink             |       |     2 |     3 ||     5
       Conjure Flame     |       |       |     4 ||     4
       Call Imp          |       |       |     2 ||     2
 Stab: Confused          |     1 |       |       ||     1
Armor: Robe              |     3 |       |       ||     3
       Leather armour    |       |     3 |     2 ||     5
Dodge: Dodged            |     9 |    12 |    11 ||    32

Table legend: (Time is in decaauts)
 A = Elapsed time spent in this place.
 B = Non-inter-level travel time spent in this place.
 C = Inter-level travel time spent in this place.
 D = Time resting spent in this place.
 E = Time spent auto-exploring this place.
 F = Levels seen in this place.
 G = Mean time per level.
                   A        B        C        D        E       F      G
               +--------+--------+--------+--------+--------+-----+--------+
         Total |   5811 |   5575 |    236 |    254 |   4689 |   5 | 1162.2 |
       Dungeon |   5811 |   5575 |    236 |    254 |   4689 |   5 | 1162.2 |
               +--------+--------+--------+--------+--------+-----+--------+

Top non-repeatable levels by time:
     D:1: 1815 daAuts
     D:4: 1478 daAuts
     D:2: 1075 daAuts
     D:3: 966 daAuts
     D:5: 476 daAuts
